 Dungeon Crawl Stone Soup version 0.26-a0-606-g3c8f2f65f7 (webtiles) character file.

Game seed: 15491003354058001346

1676 Krehm the Charlatan (level 8, -2/42 HPs)
             Began as a Spriggan Artificer on Sept 1, 2020.
             Was a Follower of Fedhas.
             Slain by an orc warrior
             ... wielding a +0 scimitar
              (12 damage)
             ... on level 5 of the Dungeon on Sept 2, 2020.
             The game lasted 00:45:08 (8375 turns).

Krehm the Charlatan (Spriggan Artificer)            Turns: 8375, Time: 00:45:09

Health: -2/42      AC:  4    Str:  8    XL:     8   Next: 70%
Magic:  14/15      EV: 21    Int: 14    God:    Fedhas [*.....]
Gold:   79         SH:  0    Dex: 17    Spells: 8/15 levels left

rFire    . . .     SeeInvis +   u - +3 dagger (elec)
rCold    . . .     Faith    .   (shield restricted)
rNeg     . . .     Spirit   .   l - +0 robe {MR+}
rPois    .         Reflect  .   (helmet restricted)
rElec    .         Harm     .   k - +1 cloak
rCorr    .                      (gloves unavailable)
MR       ++...                  (boots unavailable)
Stlth    ++++......             a - amulet of magic regeneration
HPRegen  0.14/turn              (no ring)
MPRegen  0.39/turn              A - ring of stealth

@: very quick
A: very small, unfitting armour, see invisible, speed 3
a: Renounce Religion


You were on level 5 of the Dungeon.
You worshipped Fedhas.
Fedhas was aware of your devotion.
You visited 2 branches of the dungeon, and saw 7 of its levels.
You also visited: Ossuary.

You collected 244 gold pieces.
You spent 165 gold pieces at shops.

Inventory:

Hand Weapons
 u - a +3 dagger of electrocution (weapon)
 w - a +0 hunting sling
Missiles
 g - 96 stones
 n - 96 arrows
 t - 47 sling bullets
 y - 18 poisoned darts (quivered)
Armour
 b - a +0 robe
 k - a +1 cloak (worn)
 l - a +0 robe of magic resistance (worn)
 o - a +0 buckler
 G - a +0 cloak of preservation
Jewellery
 a - an amulet of magic regeneration (around neck)
 A - a ring of stealth (right hand)
Wands
 c - a wand of flame (1)
 d - a wand of enslavement (9)
Scrolls
 f - 2 scrolls of fog {unknown}
 m - a scroll of teleportation
 p - 4 scrolls of remove curse
 x - a scroll of vulnerability {unknown}
 B - a scroll of enchant armour {unknown}
 F - 2 scrolls of random uselessness {unknown}
Potions
 e - a potion of brilliance {unknown}
 h - 4 potions of might
 i - a potion of flight
 j - 6 potions of stabbing
 q - a potion of degeneration {unknown}
 r - 2 potions of invisibility
 s - 2 potions of resistance {unknown}
 v - 2 potions of curing {unknown}
 z - a potion of heal wounds {unknown}
 C - 2 potions of haste {unknown}
 D - a potion of magic {unknown}
 E - a potion of lignification {unknown}


   Skills:
 + Level 4.1 Fighting
 - Level 4.7 Slings
 - Level 6.0 Dodging
 - Level 5.2 Stealth
 * Level 2.9 Shields
 + Level 4.3 Spellcasting
 - Level 4.0 Hexes
 - Level 6.0 Evocations


You had 8 spell levels left.
You knew the following spells:

 Your Spells              Type           Power        Failure   Level
a - Summon Guardian Gole  Hex/Summ       #.......     24%         3
b - Slow                  Hex            ##......     5%          2
c - Blink                 Tloc           N/A          28%         2

Your spell library contained the following spells:

 Spells                   Type           Power        Failure   Level
 Magic Dart               Conj           #...         19%         1
 Summon Small Mammal      Summ           #...         19%         1
 Call Imp                 Summ           #.......     28%         2
 Call Canine Familiar     Summ           #.......     50%         3
 Conjure Flame            Conj/Fire      #.......     50%         3
 Mephitic Cloud           Conj/Pois/Air  #.......     50%         3
 Summon Ice Beast         Ice/Summ       #.......     88%         4
 Summon Lightning Spire   Summ/Air       #.......     88%         4


Dungeon Overview and Level Annotations

Branches:
Dungeon (6/15)             Temple (1/1) D:4         Ossuary (visited)

Altars:
Ashenzari
Dithmenos
Elyvilon
Fedhas
Gozag
Hepliaklqana
Kikubaaqudgha
Makhleb
Nemelex Xobeh
Okawaru
Qazlal
Uskayaw
Vehumet
Wu Jian
Xom
Yredelemnul
Zin

Shops:
D:5 ([[(   D:6 (

Annotations:
D:6 exclusion: door, Grinder


Innate Abilities, Weirdness & Mutations

You are very small and have problems with some larger weapons.
You are too small for most types of armour.
You have supernaturally acute eyesight. (SInv)
You cover ground extremely quickly.


Message History

You hit the orc warrior but do no damage.
Lightning courses through the orc warrior!
The orc warrior is almost dead.
You hit the orc warrior.
The orc warrior is almost dead.
The orc warrior hits you with a +0 scimitar!!
Ouch! That really hurt!
* * * LOW HITPOINT WARNING * * *
You hit the orc warrior but do no damage.
The orc warrior is almost dead.
You hit the orc warrior but do no damage.
The orc warrior is almost dead.
The orc warrior misses you.
You hit the orc warrior but do no damage.
The orc warrior is almost dead.
You closely miss the orc warrior.
The orc warrior is almost dead.
The orc warrior hits you with a +0 scimitar!
You die...
Fedhas appreciates your contribution to the ecosystem.

### ###.#.####.#.# ##.##
####......#.#.##### #.#.##
##.####.##.......... .###.####
##.......####.#...### ##
##...#####..PPP........###.##
.###.##......#..∩..###.#####...#
#.#.#########..PP..###.# #...#
...## #.......##.# #...# .###
###.@##.##.# #...# .#
#########.o.....## #...# .#
##.......##.......# #.>.##
.######.....#..##...###.####.....
.....##.....#..##...#....>)......
.....##...................[.)....
.##..#......#..##..##............
...###'###..#..##.......####...##
##.#.....#..>..##.......# #.....


You could see an orc warrior (slow).

Vanquished Creatures
  Sigmund (D:2)
  2 yaks (D:4)
  A sky beast (D:6)
  An ice beast (D:5)
  An ogre (D:6)
  2 phantoms (D:5)
  A scorpion (D:6)
  A howler monkey (D:4)
  A jelly (D:5)
  A hound (D:5)
  3 orc priests
  A bullfrog skeleton (D:6)
  3 orc wizards
  Crazy Yiuf (D:2)
  A human zombie (Ossuary)
  2 worker ants (D:4)
  5 big kobold zombies (Ossuary)
  A hound zombie (Ossuary)
  3 mummies (Ossuary)
  A gnoll (D:1)
  8 adders
  2 shadow imps (D:5)
  A white imp (D:6)
  An ooze (D:1)
  An adder skeleton (D:5)
  An adder zombie (Ossuary)
  3 worms (D:2)
  2 dart slugs
  2 leopard geckos (D:1)
  14 orcs
  4 giant cockroaches
  8 hobgoblins
  2 jackals (D:3)
  5 quokkas
  4 bats
  4 frilled lizards
  2 gnoll zombies (Ossuary)
  6 goblins
  A jackal zombie (Ossuary)
  9 kobolds
  10 rats
123 creatures vanquished.

Vanquished Creatures (collateral kills)
  A yak (D:4)
  A hobgoblin (D:2)
  A kobold zombie (Ossuary)
3 creatures vanquished.

Vanquished Creatures (others)
  A yak (D:4)
  A mummy (Ossuary)
  A rat (D:1)
  A plant (D:5)
4 creatures vanquished.

Grand Total: 130 creatures vanquished

Notes
Turn   | Place    | Note
-------+----------+-------------------------------------------
     0 | D:1      | Krehm the Spriggan Artificer began the quest for the Orb.
     0 | D:1      | Reached XP level 1. HP: 9/9 MP: 2/2
   182 | D:1      | Reached skill level 1 in Fighting
   182 | D:1      | Reached XP level 2. HP: 4/14 MP: 0/3
  1310 | D:1      | Reached XP level 3. HP: 18/18 MP: 1/4
  2097 | D:2      | Found a runed translucent door.
  2098 | D:2      | Noticed Crazy Yiuf
  2109 | D:2      | Killed Crazy Yiuf
  2109 | D:2      | Reached XP level 4. HP: 23/23 MP: 5/5
  2313 | D:2      | Noticed Sigmund
  2755 | D:2      | Reached skill level 5 in Evocations
  2894 | D:2      | Killed Sigmund
  2894 | D:2      | Reached skill level 5 in Dodging
  2894 | D:2      | Reached XP level 5. HP: 27/27 MP: 6/6
  2908 | D:2      | Reached XP level 6. HP: 32/32 MP: 7/7
  3455 | D:2      | Reached skill level 5 in Stealth
  4469 | D:4      | Learned a level 3 spell: Summon Guardian Golem
  4472 | D:4      | Learned a level 2 spell: Slow
  4498 | D:4      | Found a sand-covered staircase.
  4499 | D:4      | Noticed a yak
  4503 | Ossuary  | Entered an ossuary
  4569 | Ossuary  | Reached skill level 1 in Hexes
  4574 | Ossuary  | Reached skill level 1 in Spellcasting
  5071 | D:4      | Killed a yak
  5071 | D:4      | Reached skill level 1 in Shields
  5071 | D:4      | Reached XP level 7. HP: 21/36 MP: 8/11
  5195 | D:4      | Noticed a yak
  5195 | D:4      | Noticed a yak
  5493 | D:4      | Identified the +3 leather armour of the Iron Devil {-Tele
                  | rElec Str+5 SInv}
  5517 | D:4      | Noticed a yak
  5518 | D:4      | Killed a yak
  5518 | D:4      | Reached skill level 1 in Slings
  5531 | D:4      | Killed a yak
  5606 | D:4      | Found a staircase to the Ecumenical Temple.
  5620 | Temple   | Entered the Ecumenical Temple
  5812 | Temple   | Became a worshipper of Fedhas Madash
  6230 | D:5      | Entered Level 5 of the Dungeon
  6445 | D:5      | Reached XP level 8. HP: 40/40 MP: 13/13
  6466 | D:5      | Found Xaegg's Antique Weapon Emporium.
  6483 | D:5      | Found a shadowy altar of Dithmenos.
  6670 | D:5      | Found Kumo's Antique Armour Boutique.
  6719 | D:5      | Bought a glowing cloak for 165 gold pieces
  6748 | D:5      | Found Plog's Antique Weapon Emporium.
  6876 | D:5      | Found Suich's Antique Armour Emporium.
  6974 | D:5      | Found a radiant altar of Vehumet.
  7123 | D:6      | Found a shattered altar of Ashenzari.
  7315 | D:6      | Found Turiz's Weapon Emporium.
  7331 | D:6      | Reached * piety under Fedhas
  7374 | D:6      | Learned a level 2 spell: Blink
  7377 | D:6      | Noticed Grinder
  8375 | D:5      | Slain by an orc warrior

Illustrated notes

Levels and vault maps discovered:
D:1:      shiori_arrival_oz, layout_basic, serial_rivers,
          chequers_serial_rivers_small_3, chequers_serial_rivers_large_b,
          chequers_serial_rivers_micro_e, chequers_serial_rivers_micro_c,
          chequers_serial_rivers_micro_c, chequers_serial_rivers_room_b
D:2:      layout_basic, serial_bayou_lagoon_a, uniq_sigmund,
          uniq_crazy_yiuf_cottage
D:3:      layout_rooms
D:4:      layout_basic, minmay_temple_entry_mist, enter_ossuary_2
D:5:      layout_loops_cross, kennysheep_little_box, serial_shops, shop,
          nicolae_shop_stone, shop, nicolae_shop_overgrown_old_shop,
          nicolae_dithmenos_through_a_glass_darkly
D:6:      layout_rooms, trog_ov_bears_minmay, led_sif_book,
          minmay_overflow_temple_star_quad, serial_shops, shop, basic_altar,
          uniq_grinder
Temple:   regret_index_temple_generic_petals

Skill      XL: |  1  2  3  4  5  6  7  8 |
---------------+-------------------------+-----
Fighting       | 1 2 3 4 |  4.1
Stealth        | 2 3 4 5 |  5.2
Dodging        | 4 5 6 |  6.0
Evocations     | 5 6 |  6.0
Hexes          | 2 3 4 |  4.0
Spellcasting   | 2 4 |  4.3
Shields        | 1 2 |  2.9
Slings         | 3 4 |  4.7

Action                   |  1- 3 |  4- 6 |  7- 9 || total
-------------------------+-------+-------+-------++-------
Melee: Club              |    10 |       |       ||    10
       Flail             |    54 |       |       ||    54
       Dagger            |     9 |   211 |   141 ||   361
 Fire: Hunting sling     |       |       |   106 ||   106
Throw: Stone             |     9 |     1 |       ||    10
 Cast: Slow              |       |       |    17 ||    17
Evoke: Wand              |     8 |    20 |     7 ||    35
  Use: Scroll            |     1 |     5 |     2 ||     8
       Potion            |       |     1 |       ||     1
 Stab: Sleeping          |     7 |     5 |     6 ||    18
       Confused          |     2 |       |       ||     2
       Paralysed         |       |     1 |       ||     1
Armor: Robe              |     3 |    22 |     6 ||    31
Dodge: Dodged            |    51 |   163 |    89 ||   303

Table legend: (Time is in decaauts)
 A = Elapsed time spent in this place.
 B = Non-inter-level travel time spent in this place.
 C = Inter-level travel time spent in this place.
 D = Time resting spent in this place.
 E = Time spent auto-exploring this place.
 F = Levels seen in this place.
 G = Mean time per level.
                   A        B        C        D        E       F      G
               +--------+--------+--------+--------+--------+-----+--------+
         Total |   6815 |   6534 |    281 |   2875 |   2140 |   8 |  851.9 |
       Dungeon |   6167 |   5916 |    251 |   2546 |   1982 |   6 | 1027.8 |
        Temple |    141 |    112 |     29 |      0 |    109 |   1 |  141.0 |
       Ossuary |    505 |    505 |      0 |    329 |     48 |   1 |  505.0 |
               +--------+--------+--------+--------+--------+-----+--------+

Top non-repeatable levels by time:
     D:1: 1780 daAuts
     D:2: 1307 daAuts
     D:6: 896 daAuts
     D:5: 860 daAuts
     D:4: 794 daAuts
     D:3: 528 daAuts
 Ossuary: 505 daAuts
  Temple: 141 daAuts
